 Dungeon Crawl Stone Soup version 0.16-a0-296-gbdb9f68 (webtiles) character file.

176 Ololoev the Magician (level 5, 0/42 HPs)
             Began as a Naga Wizard on Aug 29, 2014.
             Slain by a phantom (8 damage)
             ... on Level 4 of the Dungeon.
             The game lasted 00:15:38 (3547 turns).

Ololoev the Magician (Naga Wizard)                  Turns: 3547, Time: 00:15:38

HP   0/42        AC  3     Str 10      XL: 5   Next: 56%
MP   0/20        EV  9     Int 18      God:
Gold 78          SH  0     Dex 10      Spells:  4 memorised,  2 levels left

rFire  + . .     SeeInvis +     s - +0 whip (venom)
rCold  x . .     Clarity  .     a - +0 leather armour (curse)
rNeg   . . .     rCorr    .     (no shield)
rPois  +         rRot     .     b - +0 hat
rElec  .         Spirit   .     (no cloak)
SustAb .         Warding  .     (no gloves)
rMut   .         Stasis   .     (no barding)
Gourm  .                        (no amulet)
MR     .....                    q - cursed ring of fire
                                n - ring of magical power

@: very slightly contaminated, very slow, not resistant to hostile enchantments,
unstealthy
A: spit poison, see invisible, deformed body, poison resistance, slowness 2, AC
+1
a: Spit Poison


You were on level 4 of the Dungeon.
You were hungry.

You visited 1 branch of the dungeon, and saw 4 of its levels.

You collected 78 gold pieces.

Inventory:

Hand weapons
 s - a +0 whip of venom (weapon)
Armour
 a - a cursed +0 leather armour (worn)
 b - a +0 hat (worn)
Magical devices
 o - a wand of heal wounds (3)
Comestibles
 d - 3 bread rations
 h - 2 beef jerkies
 l - a chunk of worm flesh
Scrolls
 e - 2 scrolls of amnesia {unknown}
 j - 3 scrolls of remove curse {unknown}
 k - a scroll of fear {unknown}
 m - a scroll of enchant weapon {unknown}
 p - 2 scrolls of teleportation {unknown}
 u - a scroll of fog {unknown}
Jewellery
 n - a ring of magical power (left hand)
 q - a cursed ring of fire (right hand)
Potions
 f - a potion of confusion {unknown}
 g - a potion of curing {unknown}
 i - a potion of restore abilities {unknown}
 r - a potion of poison {unknown}
Books
 c - a book of Minor Magic

   Spells                             Type                      Level
   *Magic Dart                        Conjuration                  1
   Blink                              Translocation                2
   *Call Imp                          Summoning                    2
   *Repel Missiles                    Charms/Air                   2
   Slow                               Hexes                        2
   Conjure Flame                      Conjuration/Fire             3
   *Mephitic Cloud                    Conjuration/Poison/Air       3


   Skills:
 - Level 1.5 Dodging
 - Level 3.0 Stealth
 - Level 3.1 Spellcasting
 + Level 2.8 Conjurations
 - Level 2.0 Summonings
   Level 1.0 Translocations
 * Level 2.5 Air Magic
 * Level 3.1 Poison Magic


You had 2 spell levels left.
You knew the following spells:

 Your Spells              Type           Power        Failure   Level  Hunger
a - Magic Dart            Conj           ##..         6%          1    None
b - Call Imp              Summ           ##......     12%         2    ##.....
c - Repel Missiles        Chrm/Air       #.....       14%         2    ##.....
d - Mephitic Cloud        Conj/Pois/Air  ##......     17%         3    ###....


Dungeon Overview and Level Annotations

Branches:
Dungeon (4/15)
 Temple: D:4-7

Altars:

Annotations:
D:3 Afay's ghost, average OpTm


Innate Abilities, Weirdness & Mutations

You cannot wear boots.
You can spit poison.
Your serpentine skin is tough (AC +1).
You have supernaturally acute eyesight.
Armour fits poorly on your strangely shaped body.
Your system is resistant to poisons.
You cover ground very slowly.


Message History

Anything else - Stay silent.
Gang up on whom?
Press: ? - help, Dir - move target cursor, f - phantom
Aim: a phantom Attack!
Your crimson imp blinks!
Items here: % )) [[ a war axe; a ring mail; a dagger; a robe; an orc corpse You are feeling hungry.
The orc gestures wildly.
Your crimson imp hits the phantom.
Your white imp misses the phantom.
Casting: Call Imp
Confirm with . or Enter, or press ? or * to list all spells.
A beastly little devil appears in a puff of flame.
The phantom hits you.
* * * LOW HITPOINT WARNING * * *
Your crimson imp hits the phantom but does no damage.
Your white imp misses the phantom.
The phantom hits you!
You die...

# #.##.# #.# #. #.##.##.#
#.#######.
#.......####.......#.
######.#..>............
.##...............####...
...#.#####.####.......#...
.....#####.# ###..##.....
........##.# #..####...
.........W@5# #.........
...#.##5##.# #.........
#...5...# ...####.#.
#.#).##.# #...# #.#.
#.#)###.# #...# #...
#..(.ยงยง.# ...# #...
#....)### ##.. #.......#
W#. ............. ....


You could see a phantom and 2 friendly crimson imps.

Vanquished Creatures
  An orc wizard (D:4)
  An adder (D:2)
  A giant mite (D:2)
  5 worms
  An ooze (D:2)
  6 orcs
  4 giant cockroaches
  9 goblins
  8 hobgoblins
  3 kobolds
  A quokka (D:2)
  9 bats
  A giant gecko (D:2)
  7 giant newts
  4 rats
61 creatures vanquished.

Vanquished Creatures (collateral kills)
  The ghost of Charly the Cudgeler, an average GrFi (D:4)
1 creature vanquished.

Vanquished Creatures (others)
  2 white imps
2 creatures vanquished.

Grand Total: 64 creatures vanquished

Notes
Turn   | Place    | Note
--------------------------------------------------------------
     0 | D:1      | Ololoev, the Naga Wizard, began the quest for the Orb.
     0 | D:1      | Reached XP level 1. HP: 15/15 MP: 4/4
   295 | D:1      | Reached XP level 2. HP: 10/22 MP: 0/6
   411 | D:1      | Learned a level 2 spell: Call Imp
   452 | D:1      | Learned a level 2 spell: Repel Missiles
  1291 | D:2      | Reached XP level 3. HP: 28/28 MP: 4/8
  1415 | D:2      | Reached skill level 1 in Air Magic
  1429 | D:2      | Learned a level 3 spell: Mephitic Cloud
  2001 | D:2      | Reached skill level 1 in Poison Magic
  2496 | D:2      | Reached XP level 4. HP: 28/36 MP: 9/9
  2836 | D:3      | Noticed Afay's ghost (average OpTm)
  3204 | D:3      | You fall through a shaft!
  3223 | D:4      | Noticed a phantom
  3243 | D:4      | Noticed Charly's ghost (average GrFi)
  3264 | D:4      | Killed Charly's ghost
  3264 | D:4      | Reached XP level 5. HP: 16/42 MP: 4/11
  3547 | D:4      | Slain by a phantom

Action                   |  1- 3 |  4- 6 || total
-------------------------+-------+-------++-------
Melee: Unarmed           |     9 |       ||     9
       Mace              |     7 |       ||     7
       Whip              |    32 |    44 ||    76
 Cast: Magic Dart        |    76 |    30 ||   106
       Repel Missiles    |     1 |       ||     1
       Call Imp          |     1 |    11 ||    12
       Mephitic Cloud    |       |     5 ||     5
 Abil: Spit Poison       |     6 |    12 ||    18
Evoke: Wand              |       |     1 ||     1
 Stab: Sleeping          |     4 |       ||     4
  Eat: Chunk             |     5 |     4 ||     9
       Fruit             |       |     1 ||     1
